 Dungeon Crawl Stone Soup version 0.26.1-11-gd32895ea62 (webtiles) character file.

Game seed: 2085358992345587604

12537 RepoMan the Frost Mage (level 11, -6/59 HPs)
             Began as a Vine Stalker Ice Elementalist on June 17, 2021.
             Was a Follower of the Shining One.
             Killed by divine providence
             ... invoked by a meliai
              (11 damage)
             ... on level 13 of the Dungeon.
             The game lasted 01:24:28 (8743 turns).

RepoMan the Frost Mage (VSIE)                       Turns: 8743, Time: 01:24:30

Health: -6/59      AC: 19    Str: 12    XL:     11   Next: 94%
Magic:  0/24       EV: 11    Int: 30    God:    the Shining One [*.....]
Gold:   1690       SH:  5    Dex: 14    Spells: 10/27 levels left

rFire    + . .     SeeInvis .   b - +7 war axe of the Pit {protect, Int+6}
rCold    + . .     Faith    .   y - +0 buckler
rNeg     . . .     Spirit   +   v - +0 ring mail
rPois    .         Reflect  .   u - +0 helmet
rElec    .         Harm     .   J - scarf {rC+ rF+}
rCorr    .         Rampage  .   C - +0 pair of gloves
Will     +....                  (no boots)
Stlth    +.........             G - amulet of magic regeneration
HPRegen  0.59/turn              g - +4 ring of protection
MPRegen  0.44/turn              M - +6 ring of intelligence

@: mighty, icy armour, frozen ramparts, glowing
A: fangs 3, regeneration 1, magic shield, antimagic bite, no potion heal 3
a: Renounce Religion


You were on level 13 of the Dungeon.
You worshipped the Shining One.
The Shining One was aware of your devotion.
You visited 2 branches of the dungeon, and saw 14 of its levels.
You also visited: Sewer and Bailey.

You collected 1690 gold pieces.

Inventory:

Hand Weapons
 b - the +7 war axe of the Pit (weapon) {protect, Int+6}
   (You found it on level 8 of the Dungeon)

   It grants its wielder temporary protection when it strikes (+7 to AC).
   It affects your intelligence (+6).
 z - a +1 short sword of venom
 K - a cursed -2 hand axe
Armour
 h - a scarf of shadows
 l - a +0 cloak
 u - a +0 helmet (worn)
 v - a +0 ring mail (worn)
 y - a +0 buckler (worn)
 B - a +1 leather armour of poison resistance
 C - a +0 pair of gloves (worn)
 J - a scarf of resistance (worn)
 O - a +1 scale mail of fire resistance
Jewellery
 g - a +4 ring of protection (left hand)
 o - a +4 ring of evasion {unknown}
 q - an uncursed ring of flight {unknown}
 F - a +6 ring of strength {unknown}
 G - an amulet of magic regeneration (around neck)
 I - a +6 ring of dexterity
 M - a +6 ring of intelligence (right hand)
 N - an uncursed ring of willpower {unknown}
Wands
 r - a wand of flame (3)
 A - a wand of disintegration (5)
 E - a wand of polymorph (8)
 P - a wand of iceblast (6)
Scrolls
 a - a scroll of enchant weapon
 c - a scroll of holy word {unknown}
 i - 4 scrolls of identify
 j - 2 scrolls of fog
 n - a scroll of blinking
 p - 5 scrolls of remove curse
 w - a scroll of amnesia {unknown}
 D - 2 scrolls of magic mapping
Potions
 d - 2 potions of ambrosia
 e - 4 potions of curing
 f - 2 potions of brilliance {unknown}
 k - a potion of might
 m - 6 potions of attraction {unknown}
 s - 3 potions of flight
 t - 2 potions of magic
 L - 2 potions of haste


   Skills:
 + Level 7.7 Fighting
 + Level 4.8 Armour
 + Level 2.9 Dodging
 - Level 2.4 Stealth
 - Level 4.0 Shields
 + Level 8.8 Spellcasting
 * Level 12.4 Ice Magic


You had 10 spell levels left.
You knew the following spells:

 Your Spells              Type           Power        Failure   Level
a - Freeze                Ice            100%         1%          1
b - Blink                 Tloc           N/A          13%         2
c - Ozocubu's Armour      Ice            73%          1%          3
h - Hailstorm             Conj/Ice       50%          6%          4
r - Frozen Ramparts       Ice            100%         1%          3
s - Summon Ice Beast      Ice/Summ       50%          6%          4

Your spell library contained the following spells:

 Spells                   Type           Power        Failure   Level
 Magic Dart               Conj           52%          9%          1
 Call Imp                 Summ           13%          13%         2
 Slow                     Hex            13%          13%         2
 Conjure Flame            Conj/Fire      13%          26%         3
 Mephitic Cloud           Conj/Pois/Air  13%          26%         3


Dungeon Overview and Level Annotations

Branches:
Dungeon (14/15)            Temple (1/1) D:7            Lair (0/6) D:11
    Orc (0/2) D:10          Sewer (visited)          Bailey (visited)
 Vaults: D:13-14

Altars:
Ashenzari
Cheibriados
Dithmenos
Elyvilon
Fedhas
Gozag
Hepliaklqana
Kikubaaqudgha
Makhleb
Nemelex Xobeh
Okawaru
Qazlal
Ru
Sif Muna
Trog
Uskayaw
Vehumet
Wu Jian
Xom
Yredelemnul
Zin
The Shining One
Beogh


Innate Abilities, Weirdness & Mutations

You have razor-sharp teeth.
Your natural rate of healing is unusually fast.
When hurt, damage is shared between your health and your magic reserves.
Your bite disrupts and absorbs the magic of your enemies.
Potions cannot restore your health.


Message History

You assume a fearsome visage.
The meliai looks frightened! x3
The centaur warrior looks frightened!
You feel sick.
The wall freezes the meliai.
Your attack snaps the meliai out of its fear.
The wall freezes the meliai.
Your attack snaps the meliai out of its fear.
The meliai barely misses you. You block the meliai's attack.
The wall freezes the meliai.
Your attack snaps the meliai out of its fear.
The wall freezes the meliai.
The meliai hits you with a +0 hand axe!
* * * LOW HITPOINT WARNING * * *
The meliai misses you.
Your system rejects the healing.
You feel better.
The wall freezes the meliai but does no damage.
The wall freezes the meliai.
The meliai calls upon its god to heal the meliai.
The meliai is healed somewhat.
The wall freezes the meliai.
The meliai calls down the wrath of its god upon you.
Something smites you!
You die...

,,,,*,,,,,,,* #..+,,,,,#..# #.#,
,,,,*,,,,,,,* #..*,,,,,#..# #.+,
,,,,*,,,,,,,* #..*,,,,,#..####.#,
,,,,*,,,,,,,* #..*,,,,,#.......#,
,,,,*,,,,,,.###..*,,,,,#...>...#,
,,,**,,,,,,......#######.......#*
,,,******########................
,,,,,,,,,....y..#................
,,,,,,,,,...c..y@................
,,,,,,,,,.......#..........####..
,,,,,,,,,.......#....##....# *..
,,,,,,,,,.......#....##....# *,.
,,,,,,,,,..$y...#....##....# *,,
,,<,,,,,,.......#....##....# *,,
,,,,,,,,,.......#.....,,,,,****,,
,********#######*......,,,,,,,,,,
**,,,,,,,,,,,,*******************


You could see a centaur warrior (fleeing) and 3 meliai.

Vanquished Creatures
  Agnes (D:14)
  The ghost of execc the Basher, a journeyman OpWn of Gozag (D:10)
  3 two-headed ogres
  Pikel (D:8)
  An orc knight (Bailey)
  An orc sorcerer (Bailey)
  Joseph (D:7)
  A kobold demonologist (Bailey)
  A queen bee (Bailey)
  2 trolls
  A wraith (D:10)
  3 yaks (D:8)
  Edmund (D:6)
  18 orc warriors
  Duvessa (D:6)
  3 sky beasts
  3 centaurs
  2 ogres
  2 lemures (D:8)
  7 bullfrogs
  Dowan (D:6)
  A wyvern skeleton (D:10)
  2 scorpions
  11 killer bees
  4 wights (D:6)
  A howler monkey (D:10)
  3 electric eels (Bailey)
  A bullfrog zombie (D:9)
  A quasit (D:4)
  6 hounds
  A centaur zombie (D:7)
  3 jellies
  9 orc priests
  2 iguanas
  4 orc wizards
  6 worker ants
  A howler monkey zombie (D:6)
  12 gnolls
  20 adders
  3 shadow imps
  2 white imps
  An ufetubus (D:5)
  7 oozes
  An adder zombie (D:6)
  An adder skeleton (D:5)
  4 worms
  A dart slug (D:1)
  18 leopard geckos
  47 orcs
  9 bats
  16 giant cockroaches
  17 goblins
  18 hobgoblins
  9 jackals
  10 kobolds
  6 quokkas
  13 ball pythons
  12 frilled lizards
  A giant cockroach zombie (D:5)
  A leopard gecko skeleton (D:5)
  9 rats
349 creatures vanquished.

Vanquished Creatures (collateral kills)
  Harold (D:11)
1 creature vanquished.

Vanquished Creatures (others)
  4 fungi (D:11)
  2 plants (D:11)
6 creatures vanquished.

Grand Total: 356 creatures vanquished

Notes
Turn   | Place    | Note
-------+----------+-------------------------------------------
     0 | D:1      | RepoMan the Vine Stalker Ice Elementalist began the quest
                  | for the Orb.
     0 | D:1      | Reached XP level 1. HP: 9/9 MP: 4/4
   187 | D:1      | Reached XP level 2. HP: 14/14 MP: 4/6
   936 | D:1      | Reached XP level 3. HP: 16/17 MP: 5/7
   937 | D:1      | Reached skill level 1 in Fighting
  1227 | D:2      | Learned a level 3 spell: Frozen Ramparts
  1231 | D:2      | Learned a level 3 spell: Ozocubu's Armour
  1531 | D:2      | Gained mutation: Your natural rate of healing is unusually
                  | fast. [Vine Stalker growth]
  1531 | D:2      | Reached XP level 4. HP: 22/22 MP: 7/9
  1791 | D:2      | Reached skill level 5 in Ice Magic
  1997 | D:3      | Found a glowing drain.
  2033 | Sewer    | Entered a sewer
  2056 | Sewer    | Reached XP level 5. HP: 26/26 MP: 6/10
  2429 | Sewer    | Reached XP level 6. HP: 32/32 MP: 8/12
  2440 | Sewer    | Reached skill level 6 in Ice Magic
  3315 | D:3      | Reached XP level 7. HP: 35/35 MP: 11/14
  3519 | D:4      | Found a broken altar of Ashenzari.
  3631 | D:4      | Reached skill level 7 in Ice Magic
  3727 | D:4      | Found a hide-covered altar of Uskayaw.
  3899 | D:5      | Entered Level 5 of the Dungeon
  3966 | D:5      | Reached skill level 1 in Armour
  3966 | D:5      | Reached skill level 1 in Shields
  3966 | D:5      | Gained mutation: You have razor-sharp teeth. [Vine Stalker
                  | growth]
  3966 | D:5      | Reached XP level 8. HP: 41/42 MP: 13/16
  4203 | D:5      | Found a stormy altar of Qazlal.
  4583 | D:6      | Noticed Edmund
  4592 | D:6      | Reached skill level 5 in Spellcasting
  4669 | D:6      | Killed Edmund
  4673 | D:6      | Reached skill level 8 in Ice Magic
  4837 | D:6      | Reached XP level 9. HP: 39/45 MP: 17/17
  4935 | D:6      | Noticed Duvessa
  4935 | D:6      | Noticed Dowan
  4972 | D:6      | Found a sacrificial altar of Ru.
  5064 | D:6      | Found a shimmering altar of Xom.
  5098 | D:6      | Found a sparkling altar of Nemelex Xobeh.
  5320 | D:7      | Found a staircase to the Ecumenical Temple.
  5327 | Temple   | Entered the Ecumenical Temple
  5520 | D:7      | Found a hazy altar of Hepliaklqana.
  5593 | D:7      | Noticed Joseph
  5794 | D:7      | Killed Joseph
  5932 | D:8      | Noticed a two-headed ogre
  5941 | D:8      | Killed a two-headed ogre
  5942 | D:8      | Reached skill level 5 in Fighting
  5942 | D:8      | Reached skill level 9 in Ice Magic
  5945 | D:8      | Noticed a two-headed ogre
  5950 | D:8      | Killed a two-headed ogre
  5951 | D:8      | Reached XP level 10. HP: 35/52 MP: 17/20
  6012 | D:8      | Got a fine war axe
  6027 | D:8      | Identified the +7 war axe of the Pit {protect, Int+6} (You
                  | found it on level 8 of the Dungeon)
  6080 | D:8      | Found an ornate altar of the Wu Jian Council.
  6111 | D:8      | Found a flagged portal.
  6122 | Bailey   | Entered a bailey
  6146 | Bailey   | Reached skill level 10 in Ice Magic
  6158 | Bailey   | Found an iron altar of Okawaru.
  6158 | Bailey   | Noticed an orc sorcerer
  6158 | Bailey   | Noticed a kobold demonologist
  6175 | Bailey   | Killed an orc sorcerer
  6182 | Bailey   | Killed a kobold demonologist
  6367 | Bailey   | Noticed an orc knight
  6376 | Bailey   | Killed an orc knight
  6425 | Bailey   | Noticed an orc knight
  6426 | Bailey   | an orc knight changed into a queen bee
  6465 | Bailey   | Reached skill level 11 in Ice Magic
  6628 | D:8      | Found a glowing silver altar of Zin.
  6645 | D:8      | Found a white marble altar of Elyvilon.
  6842 | D:8      | Found a shadowy altar of Dithmenos.
  6886 | D:8      | Found a radiant altar of Vehumet.
  6922 | D:8      | Reached XP level 11. HP: 51/58 MP: 19/23
  6979 | D:8      | Found a glowing golden altar of the Shining One.
  6986 | D:8      | Became a worshipper of the Shining One
  7196 | D:8      | Noticed Pikel
  7204 | D:8      | Killed Pikel
  7232 | D:8      | Learned a level 4 spell: Hailstorm
  7237 | D:8      | Learned a level 4 spell: Summon Ice Beast
  7237 | D:8      | Acquired 822 gold pieces
  7321 | D:6      | Killed Duvessa
  7324 | D:6      | Killed Dowan
  7399 | D:9      | Noticed a two-headed ogre
  7409 | D:9      | Killed a two-headed ogre
  7576 | D:9      | Learned a level 2 spell: Blink
  7830 | D:10     | Entered Level 10 of the Dungeon
  7845 | D:10     | Found a sparkling altar of Nemelex Xobeh.
  7991 | D:10     | Reached * piety under the Shining One
  8010 | D:10     | Found a roughly hewn altar of Beogh.
  8012 | D:10     | Found a staircase to the Orcish Mines.
  8139 | D:10     | Noticed execc's ghost (journeyman OpWn)
  8300 | D:10     | Reached skill level 12 in Ice Magic
  8381 | D:10     | Found a transporter.
  8390 | D:10     | Found a transporter.
  8411 | D:10     | Killed execc's ghost
  8520 | D:11     | Noticed Harold
  8534 | D:11     | Killed Harold
  8628 | D:11     | Found a staircase to the Lair.
  8660 | D:11     | You fall into a shaft and drop 3 floors!
  8669 | D:14     | Noticed Agnes
  8684 | D:14     | Killed Agnes
  8738 | D:13     | Noticed a centaur warrior
  8743 | D:13     | Killed from afar by a meliai

Illustrated notes

Levels and vault maps discovered:
D:1:      dpeg_arrival_brainrot, layout_basic, kennysheep_flooded_box,
          minivault_5
D:2:      layout_rooms, chequers_serial_rivers_room_a
D:3:      layout_loops_ring, portal_sewer_entry_a
D:4:      layout_gridville, evilmike_ruin_ashenzari,
          eat_drink_and_be_merry_uskayaw, item_on_display_a
D:5:      layout_gridville, nicolae_overflow_crystal_walls
D:6:      layout_rooms, hangedman_ru_absence, kennysheep_mini_moat,
          nemelex_xobeh_ov_fountains_minmay, uniq_duvessa, uniq_edmund
D:7:      layout_rooms, nzn_hepliaklqana_mist_gate, temple_green,
          minmay_misc_feat_x, uniq_joseph
D:8:      layout_loops_ring, vehumet_crystals, lemuel_round_altar,
          nicolae_dithmenos_shadow_blocks, lemuel_round_altar, tso_altar,
          enter_bailey_7, elyvilon_altar_5, uniq_pikel
D:9:      layout_rooms, chequers_serial_rivers_micro_e
D:10:     layout_roguey, david_orc_5, basic_altar, gammafunk_ghost_arena
D:11:     layout_roguey, grunt_lair_entry_orc_guard_hut, serial_shops,
          nicolae_shop_waterfront, hex_large, minmay_evil_grid, uniq_harold
D:13:     layout_stronghold, basic_altar, grunt_decor_arrowhead
D:14:     lemuel_bear_cage, layout_long_grid, erik_vaults_2, serial_shops,
          nicolae_shop_competitors_out_of_business, small_statue_intersection,
          lightli_elemental_guards, uniq_frances, uniq_jorgrun, uniq_kirke,
          uniq_agnes
Temple:   cyrus_temple_forest

Skill      XL: |  1  2  3  4  5  6  7  8  9 10 11 |
---------------+----------------------------------+-----
Fighting       | 1 2 3 4 5 6 7 |  7.7
Ice Magic      | 5 6 7 8 9 11 12 | 12.4
Spellcasting   | 3 4 5 6 7 8 |  8.8
Armour         | 1 2 3 4 |  4.8
Shields        | 1 3 4 |  4.0
Dodging        | 2 |  2.9
Stealth        | |  2.4

Action                   |  1- 3 |  4- 6 |  7- 9 | 10-12 || total
-------------------------+-------+-------+-------+-------++-------
Melee: Unarmed           |     5 |       |       |       ||     5
       Short sword       |     6 |   114 |    92 |       ||   212
       Bite              |     2 |    18 |    37 |    38 ||    95
       Flail             |       |       |    83 |     2 ||    85
       War axe           |       |       |       |   198 ||   198
 Cast: Freeze            |    46 |    17 |    31 |    22 ||   116
       Frozen Ramparts   |     3 |    15 |    20 |    30 ||    68
       Ozocubu's Armour  |       |     2 |    12 |    18 ||    32
       Summon Ice Beast  |       |       |       |     7 ||     7
Evoke: Wand              |       |     4 |     6 |    14 ||    24
  Use: Scroll            |       |       |    18 |     6 ||    24
       Potion            |       |       |     1 |     4 ||     5
 Stab: Sleeping          |     1 |     2 |     3 |     1 ||     7
Armor: Robe              |     4 |    26 |       |       ||    30
       Leather armour    |       |    10 |     5 |       ||    15
       Ring mail         |       |       |   101 |    95 ||   196
       Skin              |       |       |       |    11 ||    11
Dodge: Dodged            |    24 |    67 |   106 |   115 ||   312
Block: Buckler           |       |       |    40 |    49 ||    89
